 Dungeon Crawl Stone Soup version 0.19-a0-1008-g4c63d25 (webtiles) character file.

5966 epen the Transmogrifier (level 10, -2/76 HPs)
             Began as a Merfolk Transmuter on July 23, 2016.
             Was a High Priest of Uskayaw.
             Killed from afar by Erica (24 damage)
             ... with an orb of energy
             ... on level 10 of the Dungeon.
             The game lasted 00:15:19 (8480 turns).

epen the Transmogrifier (Merfolk Transmuter)        Turns: 8480, Time: 00:15:20

Health: -2/76      AC: 11    Str: 14    XL:     10   Next: 84%
Magic:  16/21      EV: 22    Int: 18    God:    Uskayaw [*****.]
Gold:   412        SH:  0    Dex: 13    Spells: 4 memorised, 10 levels left

rFire  . . .     SeeInvis .       - Unarmed
rCold  + . .     Gourm    .     b - +0 robe
rNeg   . . .     Faith    .     (shield currently unavailable)
rPois  .         Spirit   .     y - +2 helmet {Int+3}
rElec  .         Dismiss  .     (no cloak)
rCorr  .         Reflect  .     (gloves currently unavailable)
SustAt .         Harm     .     D - +1 pair of boots {Fly}
MR     .....                    (no amulet)
Stlth  +.........               (no ring)
                                h - +5 ring of evasion

@: blade hands, flying, slowed, very slow, not resistant to hostile
enchantments, very unstealthy
A: change form in water, swift swim, rough black scales 1, cold resistance 1,
screaming 1, strong 1
a: End Transformation, Stomp, Line Pass, Grand Finale, Renounce Religion, Stop
Flying


You were on level 10 of the Dungeon.
You worshipped Uskayaw.
Uskayaw was noncommittal.
You were hungry.
You had blades for hands.
You visited 2 branches of the dungeon, and saw 11 of its levels.

You collected 467 gold pieces.
You spent 55 gold pieces at shops.

Inventory:

Missiles
 a - 183 arrows
Armour
 b - a +0 robe (worn)
 n - a +0 pair of boots
 y - a +2 helmet of intelligence (worn)
 D - a +1 pair of boots of flying (worn)
 O - a +1 helmet of intelligence
Jewellery
 h - a +5 ring of evasion (left scythe-like blade)
Wands
 z - a wand of slowing (14/48)
 A - a wand of confusion (28/48)
 G - a wand of lightning (12/15)
 J - a wand of confusion (16/48)
 K - a wand of slowing (17/48)
 L - a wand of lightning (10/15)
 M - a wand of disintegration (17/24)
Scrolls
 e - 2 scrolls of enchant weapon
 l - 5 scrolls of amnesia
 m - 4 scrolls of remove curse
 q - 2 scrolls of fear {unknown}
 u - 5 scrolls of identify
 I - 2 scrolls of teleportation
 N - a scroll of fog
 P - a scroll of blinking
Potions
 i - a potion of magic {unknown}
 j - a potion of cure mutation {unknown}
 k - a potion of haste {unknown}
 o - a potion of heal wounds
 p - 2 potions of might {unknown}
 r - a potion of mutation {unknown}
 s - 3 potions of flight
 t - 2 potions of cancellation {unknown}
 v - a potion of brilliance {unknown}
 x - 5 potions of curing {unknown}
 B - a potion of degeneration {unknown}
Books
 c - a book of Changes

   Spells                             Type                      Level
   a - Beastly Appendage              Transmutation                1
   b - Sticks to Snakes               Transmutation                2
   c - Spider Form                    Transmutation/Poison         3
   d - Ice Form                       Ice/Transmutation            4
   e - Blade Hands                    Transmutation                5
 E - a book of Maledictions

   Spells                             Type                      Level
   a - Corona                         Hexes                        1
   b - Ensorcelled Hibernation        Hexes/Ice                    2
   c - Confuse                        Hexes                        3
   d - Tukima's Dance                 Hexes                        3
   e - Dazzling Spray                 Conjuration/Hexes            3
 F - a book of the Dragon

   Spells                             Type                      Level
   a - Flame Tongue                   Conjuration/Fire             1
   b - Cause Fear                     Hexes                        4
   c - Bolt of Fire                   Conjuration/Fire             6
   d - Dragon Form                    Transmutation                7
   e - Dragon's Call                  Summoning                    9
 H - a book of Power

   Spells                             Type                      Level
   a - Fulminant Prism                Conjuration/Hexes            4
   b - Iskenderun's Mystic Blast      Conjuration                  4
   c - Venom Bolt                     Conjuration/Poison           5
   d - Bolt of Magma                  Conjuration/Fire/Earth       5
   e - Iron Shot                      Conjuration/Earth            6
   f - Orb of Destruction             Conjuration                  7
   g - Spellforged Servitor           Conjuration/Summoning        7
Miscellaneous
 Q - a disc of storms
Comestibles
 d - 6 bread rations
 f - 4 meat rations
 g - 3 slices of pizza
 w - 2 beef jerkies
 C - a royal jelly
 R - 4 chunks of flesh


   Skills:
 + Level 6.2 Fighting
 + Level 8.1 Dodging
 + Level 7.0 Unarmed Combat
 * Level 7.7 Spellcasting
 * Level 10.6 Transmutations
 + Level 4.8 Invocations
 + Level 2.3 Evocations


You had 10 spell levels left.
You knew the following spells:

 Your Spells              Type           Power        Failure   Level  Hunger
a - Ice Form              Ice/Tmut       ####....     54%         4    ###....
b - Sticks to Snakes      Tmut           #####...     10%         2    None
c - Spider Form           Tmut/Pois      ####......   28%         3    #......
d - Blade Hands           Tmut           #####.....   28%         5    #####..


Dungeon Overview and Level Annotations

Branches:
Dungeon (10/15)            Temple (1/1) D:5            Lair (0/6) D:9
    Orc: D:9-12

Altars:
Cheibriados
Dithmenos
Elyvilon
Fedhas
Gozag
Hepliaklqana
Kikubaaqudgha
Nemelex Xobeh
Pakellas
Ru
Sif Muna
Uskayaw
The Shining One

Shops:
D:5 %   D:7 %   D:9 *   D:10 [

Annotations:
D:4 Rationalist's ghost, amateur MiFi
D:10 Erica


Innate Abilities, Weirdness & Mutations

You revert to your normal form in water.
You are very nimble and swift while swimming.
You are partially covered in rough black scales. (AC +4, Dex -1)
Your flesh is cold resistant. (rC+)
You occasionally shout uncontrollably at your foes.
Your muscles are strong. (Str +2)


Message History

You hear some strange, mumbled words.
Something tries to affect you, but you resist.
Unknown command.
You hit something. Something barely misses you.
No target in view!
No target in view!
You closely miss something.
You hear some strange, mumbled words.
An orb of energy appears from out of thin air!
The orb of energy hits you!
You punch something! Something hits you. Something burns you.
* * * LOW HITPOINT WARNING * * *
Casting: Blade Hands
Confirm with . or Enter, or press ? or * to list all spells.
Your hands turn into razor-sharp scythe blades.
Something closely misses you.
You hear some strange, mumbled words.
An orb of energy appears from out of thin air!
The orb of energy hits you!
You die...

.%........#
..........#
..........#
##
..........#
..
..........#
..
.......>..#
..
......{)).#
#### #@# ....
#.# ### #.
######.#
#.##......#
..#
#.##.######
..# #.##.#
..#
##.##'#######
..#
#...........#
..#
#...........#


There were no monsters in sight!

Vanquished Creatures
  A hill giant (D:10)
  2 trolls (D:10)
  Grinder (D:3)
  A wyvern (D:8)
  Grum (D:8)
  A hippogriff (D:8)
  An ice beast (D:8)
  2 orc warriors
  2 sky beasts
  A phantom (D:4)
  4 centaurs
  3 wolves (D:8)
  An eye of draining (D:8)
  5 ogres
  A big kobold (D:9)
  2 giant frogs
  3 gnoll sergeants
  3 scorpions
  6 killer bees (D:9)
  4 howler monkeys
  A crimson imp (D:6)
  A centaur zombie (D:8)
  5 hounds
  A centaur skeleton (D:5)
  3 giant frog skeletons
  8 orc priests
  3 jellies
  9 orc wizards
  Jessica (D:3)
  Natasha (twice) (D:3)
  4 iguanas
  4 worker ants
  A hound zombie (D:7)
  A hound skeleton (D:5)
  13 gnolls
  A howler monkey skeleton (D:9)
  4 adders
  2 shadow imps (D:8)
  An adder skeleton (D:4)
  2 worms
  4 dart slugs
  6 giant geckos
  29 orcs
  6 bats
  4 giant cockroaches
  5 goblins
  2 hobgoblins
  2 kobolds
  3 quokkas
  A ball python (D:5)
  A giant gecko zombie (D:6)
  2 giant newts
  A quokka zombie (D:6)
  11 rats
  A fungus (D:6)
  2 plants (D:6)
192 creatures vanquished.

Vanquished Creatures (collateral kills)
  A hill giant (D:10)
  A deep elf mage (D:10)
  A gnoll (D:6)
3 creatures vanquished.

Vanquished Creatures (others)
  A human (D:2)
  A fungus (D:6)
2 creatures vanquished.

Grand Total: 197 creatures vanquished

Notes
Turn   | Place    | Note
-------+----------+-------------------------------------------
     0 | D:1      | epen the Merfolk Transmuter began the quest for the Orb.
     0 | D:1      | Reached XP level 1. HP: 15/15 MP: 3/3
    72 | D:1      | Reached skill level 3 in Transmutations
    93 | D:1      | Reached XP level 2. HP: 21/21 MP: 5/5
   777 | D:1      | Reached XP level 3. HP: 26/26 MP: 6/6
   781 | D:1      | Learned a level 2 spell: Sticks to Snakes
   785 | D:1      | Learned a level 3 spell: Spider Form
   832 | D:2      | Found an ancient bone altar of Kikubaaqudgha.
   832 | D:2      | Noticed a human
   837 | D:2      | Killed a human
  1585 | D:3      | Noticed Jessica
  1593 | D:3      | Killed Jessica
  1593 | D:3      | Reached skill level 4 in Transmutations
  1593 | D:3      | Reached XP level 4. HP: 21/32 MP: 3/7
  1651 | D:3      | Noticed Natasha
  1656 | D:3      | Killed Natasha
  1958 | D:3      | Noticed Natasha
  1966 | D:3      | Killed Natasha
  1966 | D:3      | Reached XP level 5. HP: 24/38 MP: 2/9
  2229 | D:3      | Noticed Grinder
  2230 | D:3      | Paralysed by Grinder for 5 turns
  2263 | D:3      | Paralysed by Grinder for 7 turns
  2266 | D:3      | Killed Grinder
  2266 | D:3      | Reached skill level 5 in Transmutations
  2266 | D:3      | Reached XP level 6. HP: 22/46 MP: 8/11
  2440 | D:4      | Noticed a phantom
  2806 | D:4      | Learned a level 5 spell: Blade Hands
  2900 | D:4      | Noticed Rationalist's ghost (amateur MiFi)
  3016 | D:4      | Killed a phantom
  3016 | D:4      | Reached XP level 7. HP: 41/51 MP: 8/12
  3370 | D:5      | Entered Level 5 of the Dungeon
  3398 | D:5      | Reached skill level 6 in Transmutations
  3587 | D:5      | Found Azizudih's Food Boutique.
  3664 | D:5      | Reached skill level 5 in Dodging
  3947 | D:5      | Found a staircase to the Ecumenical Temple.
  3995 | Temple   | Entered the Ecumenical Temple
  4015 | Temple   | Became a worshipper of Uskayaw the Reveler
  4217 | D:5      | Reached * piety under Uskayaw
  4220 | D:5      | Reached ** piety under Uskayaw
  4221 | D:5      | Reached skill level 5 in Unarmed Combat
  4221 | D:5      | Reached XP level 8. HP: 58/58 MP: 11/14
  4273 | D:6      | Learned a level 4 spell: Ice Form
  4367 | D:6      | Reached *** piety under Uskayaw
  4379 | D:6      | Reached **** piety under Uskayaw
  4381 | D:6      | Reached skill level 7 in Transmutations
  4525 | D:6      | Reached skill level 1 in Invocations
  4608 | D:6      | Found a snail-covered altar of Cheibriados.
  4762 | D:6      | Reached skill level 5 in Spellcasting
  4982 | D:6      | Found a blossoming altar of Fedhas.
  5883 | D:7      | Reached skill level 8 in Transmutations
  5883 | D:7      | Reached XP level 9. HP: 66/66 MP: 11/17
  5899 | D:7      | Found Moang's Food Shoppe.
  6353 | D:8      | Noticed Grum
  6364 | D:8      | Killed Grum
  6364 | D:8      | Reached ***** piety under Uskayaw
  6466 | D:8      | Found a white marble altar of Elyvilon.
  6484 | D:8      | Reached skill level 5 in Fighting
  6484 | D:8      | Reached skill level 9 in Transmutations
  6494 | D:8      | Found a shadowy altar of Dithmenos.
  6656 | D:8      | Found an opulent altar of Gozag.
  6657 | D:8      | Found a glowing golden altar of the Shining One.
  6709 | D:8      | Found a sacrificial altar of Ru.
  6709 | D:8      | Found a sparkling altar of Nemelex Xobeh.
  7011 | D:8      | Reached XP level 10. HP: 62/74 MP: 14/20
  7188 | D:9      | Found a staircase to the Lair.
  7236 | D:9      | Gained mutation: Your flesh is cold resistant. (rC+) [mutagenic meat]
  7239 | D:9      | Gained mutation: Your muscles are strong. (Str +2) [mutagenic meat]
  7242 | D:9      | Gained mutation: You occasionally shout uncontrollably at your foes. [mutagenic meat]
  7245 | D:9      | Gained mutation: You are partially covered in rough black scales. (AC +4, Dex -1) [mutagenic meat]
  7452 | D:9      | Found Atoosilu's General Store.
  7461 | D:9      | Bought a potion of heal wounds for 55 gold pieces
  7610 | D:9      | Reached skill level 10 in Transmutations
  7610 | D:9      | Reached skill level 1 in Evocations
  7983 | D:10     | Entered Level 10 of the Dungeon
  7983 | D:10     | Found Ugefuc's Antique Armour Boutique.
  8144 | D:10     | Noticed a hill giant
  8168 | D:10     | Killed a hill giant
  8233 | D:10     | Noticed a deep elf mage
  8245 | D:10     | Killed a deep elf mage
  8455 | D:10     | Noticed a hill giant
  8459 | D:10     | Noticed Erica
  8466 | D:10     | Killed a hill giant
  8480 | D:10     | Killed from afar by Erica

Vault maps used:
D:1:      ncdulo_lavacross
D:2:      first_bread, tgw_kikubaaqudgha
D:3:      uniq_natasha, uniq_grinder, uniq_jessica
D:4:      feat_on_display
D:5:      serial_shops, nicolae_shop_stone
D:6:      fedhas_altar_3, cheibrodos_worm_habitat
D:7:      serial_shops, shop, serial_park_tiny_2
D:8:      grunt_dithmenos_smoke_and_mirrors, elyvilon_altar_4,
          grunt_temple_overflow_open, uniq_grum
D:9:      lair_0_dummy, serial_shops, shop_fountains
D:10:     serial_shops, shop, uniq_erica
Temple:   oiseaux_autumnal_temple

Skill      XL: |  1  2  3  4  5  6  7  8  9 10 |
---------------+-------------------------------+-----
Transmutations | 3 4 5 6 8 9 10 | 10.6
Dodging        | 3 4 5 6 7 8 |  8.1
Fighting       | 2 3 4 5 6 |  6.2
Unarmed Combat | 4 5 6 7 |  7.0
Spellcasting   | 3 4 5 6 7 |  7.7
Invocations    | 2 3 4 |  4.8
Evocations     | 2 |  2.3

Action                   |  1- 3 |  4- 6 |  7- 9 | 10-12 || total
-------------------------+-------+-------+-------+-------++-------
Melee: Unarmed           |   104 |    64 |   447 |   122 ||   737
       Punch             |     1 |       |     2 |     4 ||     7
 Cast: Spider Form       |     4 |     6 |    14 |       ||    24
       Sticks to Snakes  |       |     1 |     1 |     4 ||     6
       Blade Hands       |       |       |    18 |    12 ||    30
Evoke: Disc of storms    |       |       |       |     1 ||     1
  Use: Scroll            |       |       |     9 |       ||     9
       Potion            |       |       |       |     1 ||     1
 Stab: Sleeping          |     3 |       |     4 |       ||     7
       Paralysed         |       |       |    13 |     6 ||    19
       Distracted        |       |       |     1 |       ||     1
  Eat: Chunk             |     2 |     6 |    21 |    12 ||    41
Armor: Robe              |    20 |     3 |    34 |    29 ||    86
       Skin              |       |       |     6 |       ||     6
Dodge: Dodged            |    79 |    45 |   418 |   105 ||   647
